 Dungeon Crawl Stone Soup version 0.24-a0-434-gd57e52fea8 (webtiles) character file.

Game seed: 6172458113294617315

107051 Chimkentus the Covert (level 16, -3/114 HPs)
             Began as an Octopode Fighter on June 15, 2019.
             Was a Follower of Uskayaw.
             Slain by an eight-headed hydra (11 damage)
             ... on level 1 of the Swamp on June 17, 2019.
             The game lasted 04:42:43 (29596 turns).

Chimkentus the Covert (Octopode Fighter)           Turns: 29596, Time: 04:42:44

Health: -3/114     AC:  3    Str: 22    XL:     16   Next: 45%
Magic:  34/36      EV: 20    Int: 17    God:    Uskayaw [*.....]
Gold:   2739       SH: 22    Dex: 17    Spells: 10/17 levels left

rFire    + . .     SeeInvis .   y - +7 Singing Sword {slice, sonic wave}
rCold    + . .     Gourm    .   b - +5 shield
rNeg     + . .     Faith    .   T - +2 hat
rPois    +         Spirit   .   Q - +4 amulet of reflection
rElec    .         Reflect  +   D - ring of poison resistance
rCorr    .         Harm     .   F - ring of wizardry
MR       +....                  l - ring of the Heavens {MP+9 Int+4 Dex+4}
Stlth    +++++++...             f - ring "Ymehiajeyg" {+Fly Str+2}
HPRegen  0.29/turn              C - ring of protection from cold
MPRegen  0.25/turn              P - ring of positive energy
                                v - ring of stealth
                                u - +3 ring of evasion

@: no status effects
A: almost no armour, stealthy swim, amphibious, 8 rings, constrict 8, camouflage
1, blink, clever 1, fire resistance 1, high mp 1, gelatinous body 1
a: Blink, Stomp, Renounce Religion, Evoke Flight


You were on level 1 of the Swamp.
You worshipped Uskayaw.
Uskayaw was aware of your devotion.
You were hungry.

You visited 5 branches of the dungeon, and saw 26 of its levels.
You also visited: Bailey.

You collected 3396 gold pieces.
You spent 657 gold pieces at shops.

Inventory:

Hand Weapons
 m - the +3 scimitar of Wrongful Imprisonment {freeze, rElec Str+6 Dex-4}
   (You bought it in a shop on level 8 of the Dungeon)

   It has been specially enchanted to freeze those struck by it, causing extra
   injury to most foes and up to half again as much damage against particularly
   susceptible opponents.
   It can also slow down cold-blooded creatures.
   It affects your strength (+6).
   It affects your dexterity (-4).
   It insulates you from electricity.
 p - a +5 hunting sling of velocity
 w - a +3 vampiric dagger
 y - the +7 Singing Sword (weapon) {slice, sonic wave}
   (You found it on level 5 of the Dungeon)

   It inflicts extra damage upon your enemies.
 L - a +2 trident of protection
 W - the +8 short sword of Impeachment {holy, *Contam +Inv MR+ Int+4}
   (You found it on level 5 of the Lair of Beasts)

   It has been blessed by the Shining One to cause great damage to the undead
   and demons.
   It affects your intelligence (+4).
   It affects your resistance to hostile enchantments.
   It lets you turn invisible.
   It causes magical contamination when unequipped.
Missiles
 e - 190 sling bullets
 s - 58 boomerangs
 t - 34 poisoned darts
 x - 3 curare-tipped darts
 z - 2 atropa-tipped darts (quivered)
 M - 2 throwing nets
Armour
 b - a +5 shield (worn)
 T - a +2 hat (worn)
Jewellery
 f - the ring "Ymehiajeyg" (on tentacle) {+Fly Str+2}
   (You acquired it on level 9 of the Dungeon)

   [ring of flight]

   It affects your strength (+2).
   It lets you fly.
 l - the ring of the Heavens (on tentacle) {MP+9 Int+4 Dex+4}
   (You found it on level 4 of the Lair of Beasts)

   [ring of magical power]

   It affects your intelligence (+4).
   It affects your dexterity (+4).
   It affects your magic capacity (+9).
 u - a +3 ring of evasion (on tentacle)
 v - a ring of stealth (on tentacle)
 C - a ring of protection from cold (on tentacle)
 D - a ring of poison resistance (left tentacle)
 F - a ring of wizardry (right tentacle)
 P - a ring of positive energy (on tentacle)
 Q - a +4 amulet of reflection (around mantle)
 Y - an uncursed ring of ice
Wands
 i - a wand of flame (9)
 n - a wand of polymorph (7)
 G - a wand of random effects (31)
Scrolls
 c - 6 scrolls of fog
 g - 2 scrolls of identify
 k - 8 scrolls of teleportation
 r - a scroll of magic mapping
 B - 5 scrolls of immolation
 K - a scroll of fear
 R - 2 scrolls of silence
 U - 2 scrolls of blinking
Potions
 a - 2 potions of magic
 j - 4 potions of ambrosia
 o - 2 potions of resistance
 q - 15 potions of curing
 A - 5 potions of haste
 E - 4 potions of heal wounds
 H - a potion of agility
 J - 3 potions of brilliance
 N - 4 potions of lignification
 V - a potion of cancellation
 X - 3 potions of berserk rage
 Z - 2 potions of flight
Miscellaneous
 O - a phantom mirror
Comestibles
 d - 35 rations
 I - 4 chunks of flesh


   Skills:
 * Level 12.2 Fighting
 + Level 1.8(8.6) Short Blades
 + Level 12.8 Long Blades
 + Level 3.9(5.8) Slings
 + Level 6.6(7.1) Throwing
 + Level 7.4 Dodging
 + Level 13.1 Stealth
 * Level 11.6 Shields
 + Level 1.3 Spellcasting
 * Level 4.3 Hexes
 + Level 5.5 Translocations
 * Level 9.2 Invocations
 - Level 11.5 Evocations


You had 10 spell levels left.
You knew the following spells:

 Your Spells              Type           Power        Failure   Level  Hunger
a - Blink                 Tloc           N/A          1%          2    ###....
b - Apportation           Tloc           ###...       1%          1    ##.....
c - Confusing Touch       Hex            ###...       2%          1    ##.....
d - Mephitic Cloud        Conj/Pois/Air  #.......     34%         3    ####...

Your spell library contained the following spells:

 Spells                   Type           Power        Failure   Level  Hunger
 Slow                     Hex            ###.....     3%          2    ###....
 Animate Skeleton         Necr           N/A          12%         1    ##.....
 Magic Dart               Conj           #...         12%         1    ##.....
 Summon Small Mammal      Summ           #...         12%         1    ##.....
 Call Imp                 Summ           #.......     19%         2    ###....
 Conjure Flame            Conj/Fire      #.......     34%         3    ####...
 Irradiate                Conj/Tmut      #.........   96%         5    ######.
 Hydra Form               Tmut           #.........   100%        6    #######
 Statue Form              Tmut/Erth      #........    100%        6    #######
 Dragon Form              Tmut           #.........   100%        7    #######


Dungeon Overview and Level Annotations

Branches:
Dungeon (15/15)            Temple (1/1) D:4            Lair (6/6) D:9
  Swamp (2/4) Lair:2       Spider (0/4) Lair:2        Slime (0/5) Lair:5
    Orc (2/2) D:10            Elf (0/3) Orc:2        Vaults (0/5) D:13
 Depths (0/5) D:15

Altars:
Ashenzari
Cheibriados
Dithmenos
Elyvilon
Fedhas
Gozag
Hepliaklqana
Kikubaaqudgha
Makhleb
Nemelex Xobeh
Okawaru
Qazlal
Ru
Sif Muna
Trog
Uskayaw
Vehumet
Wu Jian
Xom
Yredelemnul
Zin
The Shining One
Beogh

Shops:
D:5 *   D:8 *   Orc:1 [   Orc:2 !%}[

Portals:
Pandemonium: Orc:2
Trove: D:11 (give 17 scrolls of teleportation)

Annotations:
D:8 4 transporters, SnubMonkey's ghost, novice DgFi
D:14 4 runed translucent doors
Lair:4 Tanusch's ghost, journeyman GnAE
Orc:1 1 exclusion


Innate Abilities, Weirdness & Mutations

You cannot wear most types of armour.
You are very stealthy in the water. (Stealth+)
You are amphibious.
You can wear up to eight rings at the same time.
You can use your tentacles to constrict eight enemies at once.
Your skin changes colour to match your surroundings (Stealth+).
Your rubbery body absorbs attacks. (AC +1, EV +1)
You can translocate small distances at will.
Your mind is acute. (Int +2)
Your flesh is heat resistant. (rF+)
You have an increased reservoir of magic. (+10% MP)


Message History

* * * LOW HITPOINT WARNING * * *
Unknown command.
Evoke which item? (* to show all) (? for menu, Esc to quit)
Aiming: Cloud Cone
Press: ? - help, Dir - move target cursor, f/p - eight-headed hydra
Aim: an eight-headed hydra (water, moderately wounded)
You create a blast of negative energy!
The now-empty wand crumbles to dust.
The eight-headed hydra is engulfed in negative energy.
The eight-headed hydra is drained!
The eight-headed hydra is engulfed in negative energy.
The eight-headed hydra is drained!
You block the eight-headed hydra's attack.
The eight-headed hydra bites you!
* * * LOW HITPOINT WARNING * * *
You block the eight-headed hydra's attack.
The eight-headed hydra completely misses you.
The eight-headed hydra barely misses you.
You block the eight-headed hydra's attack. x2
The eight-headed hydra bites you!
You die...

♣..≈♣♣...≈♣
♣.......♣♣♣♣
♣♣.......(.≈♣ ♣
♣..≈§§§§...≈♣♣♣≈♣
♣.≈≈§§§§≈≈..≈≈.♣♣♣
♣≈≈≈§§§§§≈§(>(..≈♣
♣≈.≈≈§§§§§..♣♣≈≈≈.♣
♣♣♣.....§§D§♣♣♣.≈≈.♣
♣≈.♣♣♣..v.v@≈♣♣♣♣..♣
♣♣♣♣...k≈≈≈...≈♣ ♣≈.♣
♣≈♣♣....≈≈≈.(.≈♣ ♣..♣
♣♣♣♣≈..≈≈...≈≈≈.♣♣♣
♣..♣
♣♣≈.≈≈..≈≈≈..≈≈≈..♣
♣♣♣♣
♣.≈≈..≈≈........≈♣♣
♣≈≈≈≈.≈≈≈.....♣♣♣♣♣♣♣
.♣≈≈≈..§...♣...♣♣≈.≈♣♣
.≈♣♣♣♣♣♣♣♣♣♣♣........♣


You could see an eight-headed hydra, a swamp drake and 2 insubstantial wisps.

Vanquished Creatures
  2 entropy weavers (Lair:5)
  Snorg (Lair:6)
  2 fire dragons
  Josephine (Orc:1)
  A vault guard (D:13)
  10 hydras
  5 two-headed ogres
  A catoblepas (Lair:6)
  A centaur warrior (D:13)
  6 death yaks
  An alligator (Swamp:1)
  3 orc high priests (Orc:2)
  A tengu warrior (D:15)
  A vampire mage (D:15)
  A queen ant (Lair:5)
  The ghost of Quz the Cleaver, a novice MiBe of Trog (Lair:1)
  A spriggan (Swamp:1)
  A sun demon (Orc:2)
  Nergalle (D:12)
  A spectral death yak (Lair:4)
  2 skeletal warriors (D:15)
  A wizard (D:13)
  A storm dragon skeleton (D:15)
  2 infernal demonspawn (Orc:2)
  3 necromancers
  2 swamp dragons
  10 orc knights
  5 oklob plants
  3 frost giant zombies (D:15)
  5 ugly things (D:14)
  A deep elf mage (D:14)
  2 cyclopes
  13 orc sorcerers
  3 centaur zombies
  3 elephants (Lair:5)
  2 black mambas (Lair:6)
  10 spiny frogs
  Psyche (D:9)
  A gargoyle (D:14)
  13 komodo dragons
  4 centaur skeletons
  A kobold demonologist (D:15)
  4 rime drakes
  An ice devil (Orc:2)
  A hellwing (Orc:2)
  4 trolls
  2 jumping spiders (D:15)
  2 polar bears (Lair:6)
  A tyrant leech (Swamp:1)
  2 hornets (Swamp:1)
  7 dream sheep
  3 bog bodies
  10 hippogriffs
  3 blink frogs (Lair:4)
  A redback (D:15)
  A shadow (Swamp:1)
  5 wraiths
  A wyvern (Lair:6)
  34 yaks
  4 hungry ghosts
  5 basilisks
  Eustachio (D:4)
  3 steam dragons (Lair:6)
  A death yak simulacrum (Lair:4)
  21 humans (D:13)
  4 vampire mosquitoes
  6 swamp worms
  A warg (Orc:2)
  2 insubstantial wisps (Swamp:1)
  24 soldier ants (Lair:5)
  2 porcupines
  9 water moccasins
  A black bear (shapeshifter) (D:13)
  51 orc warriors
  2 ice beasts
  4 sky beasts
  An eye of draining (D:11)
  A phantom (D:10)
  A necrophage (D:10)
  3 black bears
  A black mamba simulacrum (Lair:4)
  3 swamp drakes
  10 centaurs
  15 ogres
  9 wolves
  9 crocodiles
  A big kobold (D:7)
  17 bullfrogs
  A water moccasin zombie (D:6)
  8 scorpions
  A wyvern skeleton (D:8)
  16 killer bees
  5 wights (D:6)
  4 electric eels
  3 vampire bats (D:8)
  6 crimson imps
  4 howler monkeys (D:8)
  2 bullfrog zombies
  6 hounds
  4 bullfrog skeletons
  18 jellies
  31 orc priests
  7 iguanas
  22 orc wizards
  28 worker ants
  A mummy (D:9)
  A howler monkey zombie (D:11)
  A worker ant zombie (D:6)
  14 gnolls
  17 adders
  2 shadow imps
  An ooze (Lair:5)
  2 adder skeletons
  A worm (D:2)
  3 dart slugs
  4 leopard geckos
  158 orcs
  12 bats
  2 bat skeletons (D:8)
  4 bat zombies (D:8)
  6 giant cockroaches
  6 hobgoblins
  7 jackals
  13 kobolds
  4 quokkas
  2 ball pythons
  5 frilled lizards
  11 goblins
  A jackal zombie (D:5)
  A leopard gecko zombie (D:6)
  A quokka skeleton (D:7)
  A quokka zombie (D:9)
  4 rats (D:1)
  2 bushes (Lair:1)
  9 fungi
  18 plants
  6 withered plants (D:15)
910 creatures vanquished.

Vanquished Creatures (collateral kills)
  An orc sorcerer (Orc:1)
  An orc warrior (Orc:2)
  3 orcs (Orc:2)
5 creatures vanquished.

Vanquished Creatures (others)
  A gelid demonspawn (Orc:2)
  2 orc knights (Orc:2)
  3 orc warriors (Orc:2)
  2 electric eels (D:12)
  An orc priest (Orc:2)
  An orc (Bailey)
  4 fungi
  6 plants
  A withered plant (D:15)
21 creatures vanquished.

Grand Total: 936 creatures vanquished

Notes
Turn   | Place    | Note
-------+----------+-------------------------------------------
     0 | D:1      | Chimkentus the Octopode Fighter began the quest for the
                  | Orb.
     0 | D:1      | Reached XP level 1. HP: 16/16 MP: 1/1
   272 | D:1      | Reached XP level 2. HP: 8/21 MP: 2/2
   746 | D:1      | Reached skill level 1 in Stealth
   864 | D:1      | Reached XP level 3. HP: 26/26 MP: 3/3
  1349 | D:2      | Reached skill level 2 in Stealth
  1526 | D:1      | Reached XP level 4. HP: 31/31 MP: 4/4
  1779 | D:2      | Found an iron altar of Okawaru.
  2099 | D:3      | Reached XP level 5. HP: 20/37 MP: 5/5
  2883 | D:3      | Found a sparkling altar of Nemelex Xobeh.
  3039 | D:4      | Reached skill level 3 in Stealth
  3039 | D:4      | Reached XP level 6. HP: 36/43 MP: 6/6
  3092 | D:4      | Found a staircase to the Ecumenical Temple.
  3101 | Temple   | Entered the Ecumenical Temple
  3359 | D:4      | Noticed Eustachio
  3561 | D:4      | Reached skill level 1 in Throwing
  3607 | D:4      | Reached XP level 7. HP: 42/49 MP: 7/7
  3663 | D:4      | Killed Eustachio
  3663 | D:4      | Reached skill level 4 in Stealth
  3764 | D:5      | Entered Level 5 of the Dungeon
  4175 | D:5      | HP: 2/49 [ogre/+0 giant club (12)]
  4176 | D:5      | Reached skill level 5 in Shields
  4176 | D:5      | Reached XP level 8. HP: 2/54 MP: 8/8
  4571 | D:5      | Reached skill level 5 in Long Blades
  4652 | D:5      | Found Lupookk's Assorted Antiques.
  4655 | D:5      | Bought a scroll labeled ZUM XUXEALUDA for 22 gold pieces
  4655 | D:5      | Bought a scroll labeled MAEREV KAONEN for 22 gold pieces
  4655 | D:5      | Bought 2 sapphire potions for 39 gold pieces
  4655 | D:5      | Bought a tapered ivory wand for 88 gold pieces
  4655 | D:5      | Bought a potion of curing for 66 gold pieces
  4881 | D:5      | Reached skill level 5 in Fighting
  4913 | D:5      | Found the +7 Singing Sword {slice, sonic wave}
  5279 | D:5      | Found a shimmering altar of Xom.
  5378 | D:5      | Reached skill level 5 in Stealth
  5693 | D:7      | Reached XP level 9. HP: 51/62 MP: 9/9
  5912 | D:6      | Reached skill level 1 in Evocations
  6074 | D:6      | Reached skill level 5 in Dodging
  6289 | D:6      | Reached skill level 6 in Stealth
  6948 | D:7      | Found the +1 cloak of Starlight {rElec rC+ EV+4 Stlth--}
  7047 | D:7      | Found a sparkling altar of Nemelex Xobeh.
  7321 | D:8      | Found Xuan's Assorted Antiques.
  7327 | D:8      | Reached XP level 10. HP: 71/71 MP: 11/11
  7329 | D:8      | Bought a scratched onyx ring for 150 gold pieces
  7371 | D:8      | Reached skill level 7 in Stealth
  7428 | D:8      | Noticed a two-headed ogre
  7689 | D:8      | Noticed SnubMonkey's ghost (novice DgFi)
  7697 | D:8      | Killed a two-headed ogre
  7697 | D:8      | Reached skill level 8 in Stealth
  7784 | D:8      | Found a transporter.
  7784 | D:8      | Noticed a tengu reaver
  7788 | D:8      | Found a basalt altar of Yredelemnul.
  7821 | D:9      | Found a bloodstained altar of Trog.
  7845 | D:9      | Found a flagged portal.
  7859 | Bailey   | Entered a bailey
  8057 | Bailey   | Reached skill level 10 in Evocations
  8057 | Bailey   | Reached XP level 11. HP: 76/76 MP: 11/18
  8103 | Bailey   | Noticed an orc knight
  8103 | Bailey   | Noticed an orc knight
  8104 | Bailey   | Noticed an orc knight
  8134 | Bailey   | Killed an orc knight
  8141 | Bailey   | Killed an orc knight
  8152 | Bailey   | Killed an orc knight
  8354 | Bailey   | Noticed an orc knight
  8372 | Bailey   | Killed an orc knight
  8380 | Bailey   | Noticed an orc knight
  8398 | Bailey   | Killed an orc knight
  8398 | Bailey   | Reached XP level 12. HP: 34/82 MP: 20/20
  8892 | D:9      | Noticed Psyche
  8899 | D:9      | Killed Psyche
  9211 | D:9      | Found a stormy altar of Qazlal.
  9248 | D:9      | Found a snail-covered altar of Cheibriados.
  9373 | D:8      | Found a transporter.
  9401 | D:8      | Found a glowing silver altar of Zin.
  9573 | D:8      | Found a transporter.
  9588 | D:8      | Found a transporter.
  9663 | D:9      | Reached skill level 9 in Stealth
  9926 | D:9      | Found a staircase to the Lair.
 10275 | D:8      | Found an ancient bone altar of Kikubaaqudgha.
 10379 | D:8      | Found a hide-covered altar of Uskayaw.
 10385 | D:8      | Became a worshipper of Uskayaw the Reveler
 10459 | D:10     | Entered Level 10 of the Dungeon
 10495 | D:10     | Reached * piety under Uskayaw
 10511 | D:10     | Reached ** piety under Uskayaw
 10566 | D:10     | Reached skill level 10 in Long Blades
 10763 | D:10     | Reached *** piety under Uskayaw
 10852 | D:10     | Found a staircase to the Orcish Mines.
 10969 | D:10     | Noticed a two-headed ogre
 10982 | D:10     | Reached skill level 1 in Invocations
 11236 | D:10     | Killed a two-headed ogre
 11472 | Lair:1   | Entered Level 1 of the Lair of Beasts
 11479 | Lair:1   | Reached **** piety under Uskayaw
 11481 | Lair:1   | Reached ***** piety under Uskayaw
 11843 | Lair:1   | Found a glowing silver altar of Zin.
 12326 | Lair:1   | Found a runed translucent door.
 12328 | Lair:1   | Noticed Quz's ghost (novice MiBe)
 12551 | Lair:1   | Found a blossoming altar of Fedhas.
 12857 | Lair:2   | Reached skill level 10 in Stealth
 12904 | Lair:2   | Noticed a five-headed hydra
 12912 | Lair:2   | Killed a seven-headed hydra
 13051 | Lair:2   | Reached XP level 13. HP: 69/90 MP: 21/21
 13393 | Lair:2   | Found a hole to the Spider Nest.
 13867 | Lair:2   | Found a staircase to the Swamp.
 14208 | Lair:3   | Learned a level 2 spell: Blink
 14946 | Lair:4   | Found a runed translucent gate.
 14947 | Lair:4   | Found a runed translucent gate.
 14948 | Lair:4   | Found a runed translucent gate.
 14950 | Lair:4   | Noticed Tanusch's ghost (journeyman GnAE)
 15082 | Lair:4   | Reached skill level 1 in Translocations
 15358 | Lair:4   | Reached skill level 1 in Short Blades
 15360 | Lair:4   | Reached skill level 11 in Stealth
 15557 | Lair:4   | Reached skill level 5 in Invocations
 15785 | Lair:5   | Noticed an entropy weaver
 15788 | Lair:5   | Killed an entropy weaver
 15788 | Lair:5   | Reached skill level 10 in Fighting
 15789 | Lair:5   | Reached ****** piety under Uskayaw
 15798 | Lair:5   | Noticed an entropy weaver
 15806 | Lair:5   | Killed an entropy weaver
 15806 | Lair:5   | Reached XP level 14. HP: 99/99 MP: 22/22
 15964 | Lair:5   | Learned a level 1 spell: Apportation
 15968 | Lair:5   | Learned a level 1 spell: Confusing Touch
 16002 | Lair:5   | Found a staircase to the Slime Pits.
 16652 | Lair:5   | Got a crude short sword
 16659 | Lair:5   | Identified the +8 short sword of Impeachment {holy, *Contam
                  | +Inv MR+ Int+4} (You found it on level 5 of the Lair of
                  | Beasts)
 16999 | Lair:6   | Entered Level 6 of the Lair of Beasts
 17215 | Lair:6   | Found a white marble altar of Elyvilon.
 17270 | Lair:6   | Reached skill level 5 in Throwing
 17374 | Lair:6   | Reached skill level 10 in Shields
 17478 | Lair:6   | Noticed Snorg
 17510 | Lair:6   | Killed Snorg
 17576 | Lair:6   | Reached skill level 12 in Stealth
 18369 | D:9      | Gained mutation: You expend magic power (3 MP) to
                  | strengthen your wands. [mutagenic glow]
 18617 | Lair:1   | Killed Quz's ghost
 19094 | Lair:4   | Got a pitted ivory ring
 19095 | Lair:4   | Identified the ring of the Heavens {MP+9 Int+4 Dex+4} (You
                  | found it on level 4 of the Lair of Beasts)
 19544 | D:11     | Found a portal to a secret trove of treasure.
 19757 | D:12     | Reached skill level 5 in Translocations
 20198 | D:12     | Noticed Nergalle
 20211 | D:12     | Killed Nergalle
 20387 | D:11     | Reached XP level 15. HP: 106/106 MP: 23/23
 20398 | D:11     | Identified a scroll of acquirement
 21102 | D:9      | Identified the ring "Ymehiajeyg" {+Fly Str+2} (You acquired
                  | it on level 9 of the Dungeon)
 21176 | Orc:1    | Entered Level 1 of the Orcish Mines
 21184 | Orc:1    | Reached skill level 1 in Slings
 21313 | Orc:2    | Entered Level 2 of the Orcish Mines
 21572 | Orc:2    | Found a staircase to the Elven Halls.
 21788 | Orc:1    | Found a roughly hewn altar of Beogh.
 21827 | Orc:1    | Paralysed by an orc sorcerer for 7 turns
 21943 | Orc:1    | Noticed Josephine
 22215 | Orc:1    | Found Toax's Antique Armour Emporium.
 22284 | Orc:1    | Reached skill level 1 in Hexes
 22682 | Orc:1    | Killed Josephine
 23361 | Orc:2    | Found Katewki's Food Shop.
 23456 | Orc:2    | Found Omal Fus's Distillery.
 24097 | Orc:2    | Gained mutation: Your body sometimes deteriorates upon
                  | taking damage. [mutagenic glow]
 24131 | Orc:2    | Gained mutation: You are weak. (Str -2) [mutagenic glow]
 24776 | Orc:2    | Found Ziamoxzuruo's Antique Armour Shoppe.
 24776 | Orc:2    | Found a one-way gate leading to the halls of Pandemonium.
 24776 | Orc:2    | Found Putriyph's Gadget Emporium.
 25506 | D:8      | Bought a crystal scimitar for 270 gold pieces
 25506 | D:8      | Identified the +3 scimitar of Wrongful Imprisonment
                  | {freeze, rElec Str+6 Dex-4} (You bought it in a shop on
                  | level 8 of the Dungeon)
 25554 | D:9      | Lost mutation: Your body sometimes deteriorates upon taking
                  | damage. [potion of mutation]
 25554 | D:9      | Lost mutation: You are weak. (Str -2) [potion of mutation]
 25554 | D:9      | Lost mutation: You expend magic power (3 MP) to strengthen
                  | your wands. [potion of mutation]
 25554 | D:9      | Gained mutation: You are occasionally teleported next to
                  | monsters. [potion of mutation]
 25554 | D:9      | Gained mutation: Your spells are a little easier to cast,
                  | but a little less powerful. [potion of mutation]
 25554 | D:9      | Gained mutation: Your flesh is heat resistant. (rF+)
                  | [potion of mutation]
 25555 | D:9      | Lost mutation: You are occasionally teleported next to
                  | monsters. [potion of mutation]
 25555 | D:9      | Lost mutation: Your spells are a little easier to cast, but
                  | a little less powerful. [potion of mutation]
 25555 | D:9      | Gained mutation: Your mind is acute. (Int +2) [potion of
                  | mutation]
 25555 | D:9      | Gained mutation: You can translocate small distances at
                  | will. [potion of mutation]
 25555 | D:9      | Gained mutation: You have an increased reservoir of magic.
                  | (+10% MP) [potion of mutation]
 25560 | D:9      | Learned a level 3 spell: Mephitic Cloud
 26169 | D:13     | Found a gate to the Vaults.
 26703 | D:14     | Reached XP level 16. HP: 114/114 MP: 27/27
 26764 | D:15     | Entered Level 15 of the Dungeon
 26811 | D:14     | Found a huge runed translucent gate.
 26812 | D:14     | Found a huge runed translucent gate.
 26938 | D:14     | Found a huge runed translucent gate.
 26938 | D:14     | Found a huge runed translucent gate.
 27580 | D:15     | Reached skill level 1 in Spellcasting
 28044 | D:15     | Found a staircase to the Depths.
 28049 | D:15     | Reached skill level 13 in Stealth
 28438 | D:15     | Found a shadowy altar of Dithmenos.
 29086 | Swamp:1  | Entered Level 1 of the Swamp
 29596 | Swamp:1  | Slain by an eight-headed hydra

Levels and vault maps discovered:
D:1:      zaba_arrival_water, layout_loops_corners
D:2:      layout_rooms, okawaru_ov_weapons_minmay
D:3:      layout_loops_ring, lemuel_round_altar
D:4:      layout_basic, minmay_temple_entry_mini_moons, st_stairs_10,
          uniq_eustachio
D:5:      old_forge, layout_basic, lemuel_coloured_pillars_altar, serial_shops,
          kennysheep_mini_moat, first_ration
D:6:      layout_basic
D:7:      layout_basic, basic_altar
D:8:      layout_cave_pools, zin_treasury, kennysheep_vampire_church,
          gammafunk_temple_overflow_arena, lemuel_round_altar,
          gammafunk_ghost_mausoleum, serial_shops, shop
D:9:      layout_loops_ring, bloody_trog, lemuel_doored_altar, slow_altar_1,
          lair_entry_dummy, enter_bailey_3, statue_in_the_mist_lemuel,
          grunt_ogre_cave, minmay_misc_feat_rugged, uniq_psyche
D:10:     layout_rooms, hiddenorc2_lemuel
D:11:     layout_big_octagon, enter_trove_1, moated_statue
D:12:     layout_irregular_city, lemuel_freeze_loot_1, uniq_nergalle
D:13:     layout_stronghold, grunt_vaults_entry_tiered
D:14:     lemuel_bear_cage, layout_loops_ring, palyth_stone_intersect
D:15:     gammafunk_depths_entry_grave, layout_basic, chequers_mini_garden,
          serial_park_tiny_1, grunt_dithmenos_smoke_and_mirrors
Temple:   nicolae_temple_x_marks_the_god
Lair:1:   layout_concentric_octagons, basic_altar, ebering_ghost_inner_flame,
          eino_small_chamber_without_monster, tgw_fedhas, serial_bayou_shore_a,
          infiniplex_staircase_pool_2
Lair:2:   layout_regular_city, nicolae_swamp_entry_splash_gauntlet,
          spider_nest_entry_web_field
Lair:3:   layout_roguey, grunt_megastairs_1
Lair:4:   layout_regular_city, gammafunk_ghost_necromancy, beast_lair_carwin_4,
          serial_bayou_shore_b
Lair:5:   layout_regular_city, minmay_slime_entry_jelly_boxes, minivault_29,
          minmay_lair_oklob_chamber, infiniplex_staircase_pool
Lair:6:   guppyfry_lair_end_dragon, layout_regular_city, basic_altar,
          serial_bayou_pond_b, uniq_snorg
Swamp:1:  layout_basic_swamp, evilmike_swamp_ruin_house_3
Swamp:2:  layout_basic_swamp, nicolae_swamp_dense_foliage, uniq_jorgrun
Orc:1:    minmay_goldmine, layout_caves, basic_altar, serial_shops,
          nicolae_shop_crystal, uniq_josephine
Orc:2:    pf_orc_diabolical, layout_diamond_mine

Skill      XL: |  1  2  3  4  5  6  7  8  9 10 11 12 13 14 15 16 |
---------------+-------------------------------------------------+-----
Stealth        | 1 2 3 4 5 6 8 10 11 12 13 | 13.1
Long Blades    | 3 4 6 8 9 10 11 12 | 12.8
Fighting       | 4 6 7 8 9 10 11 12 | 12.2
Shields        | 4 5 6 7 8 9 10 11 | 11.6
Dodging        | 4 5 6 7 |  7.4
Throwing       | 1 2 3 4 5 6 |  6.6
Evocations     | 1 10 11 | 11.5
Invocations    | 3 5 7 8 9 |  9.2
Translocations | 3 5 |  5.5
Short Blades   | 1 |  1.8
Slings         | 3 |  3.9
Hexes          | 3 4 |  4.3
Spellcasting   | 1 |  1.3

Action                   |  1- 3 |  4- 6 |  7- 9 | 10-12 | 13-15 | 16-18 || total
-------------------------+-------+-------+-------+-------+-------+-------++-------
Melee: Long sword        |    42 |   121 |    55 |       |       |       ||   218
       Tentacles         |    11 |    20 |    26 |    63 |   119 |    24 ||   263
       Constrict         |    16 |    33 |    32 |    43 |    92 |    10 ||   226
       Dagger            |     3 |     1 |     2 |     2 |    39 |    32 ||    79
       Double sword      |       |       |    95 |   296 |   561 |    66 ||  1018
       Short sword       |       |       |       |       |     8 |       ||     8
 Fire: Hunting sling     |       |       |       |       |   187 |     4 ||   191
Throw: Stone             |     9 |    36 |     3 |    17 |       |       ||    65
       Throwing net      |       |     1 |     5 |     1 |     1 |       ||     8
       Dart              |       |       |    11 |    54 |   198 |    12 ||   275
       Boomerang         |       |       |       |     8 |    49 |    30 ||    87
       Javelin           |       |       |       |       |    18 |       ||    18
 Cast: Blink             |       |       |       |       |     1 |     3 ||     4
       Apportation       |       |       |       |       |    20 |     4 ||    24
       Confusing Touch   |       |       |       |       |     2 |       ||     2
Invok: Stomp             |       |       |       |       |       |     1 ||     1
 Abil: Evoke Invisibilit |       |       |       |       |     1 |       ||     1
Evoke: Wand              |       |       |     8 |    41 |   109 |    18 ||   176
  Use: Potion            |       |     2 |     4 |     4 |     7 |     1 ||    18
       Scroll            |       |     5 |     8 |    13 |    21 |     1 ||    48
 Stab: Sleeping          |     4 |    11 |    10 |    13 |    32 |    15 ||    85
       Invisible         |       |       |     1 |       |     3 |       ||     4
       Held in net/web   |       |       |     2 |       |       |       ||     2
       Paralysed         |       |       |       |    14 |    34 |     4 ||    52
       Distracted        |       |       |       |       |     5 |       ||     5
       Confused          |       |       |       |       |     1 |       ||     1
  Eat: Chunk             |     1 |     7 |    12 |    17 |    38 |     2 ||    77
       Ration            |       |       |       |     2 |     2 |     2 ||     6
Armor: Skin              |     4 |     7 |     6 |     6 |     9 |     3 ||    35
Dodge: Dodged            |    20 |    51 |    61 |    86 |   140 |    45 ||   403
Block: Shield            |    11 |    57 |    62 |   164 |   440 |    85 ||   819
       Reflection        |       |       |       |       |    37 |       ||    37
       Rpst.: Long sword |     6 |    19 |     4 |       |       |       ||    29
       Double sword      |       |       |    12 |    20 |    28 |    12 ||    72

Table legend:
 A = Non-vault XP
 B = Vault XP
 C = Vault XP percentage of total XP
 D = Non-vault monster count
 E = Vault monster count
 F = Vault count percentage of total count
                 A         B        C        D         E       F
            +---------+---------+-------+---------+---------+-------
      Total |   83841 |   61447 |  42.3 |     569 |     317 |  35.8
            +---------+---------+-------+---------+---------+-------
        D:1 |      55 |       0 |   0.0 |      27 |       0 |   0.0
        D:2 |      78 |       0 |   0.0 |      15 |       0 |   0.0
        D:3 |     137 |       0 |   0.0 |      24 |       0 |   0.0
        D:4 |     418 |     188 |  31.0 |      18 |       3 |  14.3
        D:5 |     607 |     372 |  38.0 |      17 |      13 |  43.3
        D:6 |    1423 |       0 |   0.0 |      37 |       0 |   0.0
        D:7 |    1109 |       0 |   0.0 |      22 |       0 |   0.0
        D:8 |    3030 |     181 |   5.6 |      33 |       9 |  21.4
        D:9 |    2518 |     761 |  23.2 |      38 |       8 |  17.4
       D:10 |    2811 |     375 |  11.8 |      15 |      32 |  68.1
       D:11 |    1600 |       0 |   0.0 |      24 |       0 |   0.0
       D:12 |    5947 |     781 |  11.6 |      27 |       1 |   3.6
       D:13 |    6220 |    7150 |  53.5 |      15 |      25 |  62.5
       D:14 |    5859 |       0 |   0.0 |      13 |       0 |   0.0
       D:15 |    5125 |    5483 |  51.7 |      16 |       8 |  33.3
     Lair:1 |    2651 |    1392 |  34.4 |      15 |       2 |  11.8
     Lair:2 |    4165 |     928 |  18.2 |      16 |       5 |  23.8
     Lair:3 |    2765 |      85 |   3.0 |      13 |       1 |   7.1
     Lair:4 |    6324 |    4796 |  43.1 |      20 |       9 |  31.0
     Lair:5 |    6985 |   10919 |  61.0 |      18 |      65 |  78.3
     Lair:6 |    6480 |    5737 |  47.0 |      22 |      18 |  45.0
    Swamp:1 |    7738 |       0 |   0.0 |      20 |       0 |   0.0
    Swamp:2 |     162 |       0 |   0.0 |       1 |       0 |   0.0
      Orc:1 |    4352 |    2525 |  36.7 |      46 |      16 |  25.8
      Orc:2 |    5282 |   15141 |  74.1 |      57 |      63 |  52.5
     Bailey |       0 |    4633 | 100.0 |       0 |      39 | 100.0
            +---------+---------+-------+---------+---------+-------
